 Dungeon Crawl Stone Soup version 0.22-a0-402-ga933591 (webtiles) character file.

154 KristoblXynda the Ruffian (level 5, -5/45 HPs)
             Began as a Troll Wizard on May 7, 2018.
             Splashed by a jelly's acid (6 damage)
             ... on level 3 of the Dungeon.
             The game lasted 00:04:43 (2159 turns).

KristoblXynda the Ruffian (Troll Wizard)            Turns: 2159, Time: 00:04:44

Health: -5/45      AC: -7    Str: 15    XL:     5   Next: 13%
Magic:  7/7        EV:  9    Int: 15    God:
Gold:   170        SH:  0    Dex:  8    Spells: 4/8 levels left

rFire    . . .     SeeInvis .     - Unarmed
rCold    . . .     Gourm    +   (no shield)
rNeg     + . .     Faith    .   a - +0 robe
rPois    .         Spirit   .   b - +0 hat
rElec    .         Reflect  .   (no cloak)
rCorr    .         Harm     .   (gloves unavailable)
MR       .....                  (boots unavailable)
Stlth    +.........             (no amulet)
HPRegen  0.55/turn              n - ring of positive energy
MPRegen  0.10/turn              (no ring)

@: corroded
A: large, unfitting armour, claws 3, fast metabolism 3, gourmand, regeneration
1, shaggy fur 1, tough skin 2
a: no special abilities


You were on level 3 of the Dungeon.
You were very full.

You visited 1 branch of the dungeon, and saw 3 of its levels.

You collected 170 gold pieces.

Inventory:

Armour
 a - a +0 robe (worn)
 b - a +0 hat (worn)
Jewellery
 n - a ring of positive energy (left claw)
Scrolls
 f - a scroll of teleportation {unknown}
 h - a scroll of remove curse {unknown}
 j - a scroll of magic mapping {unknown}
 q - a scroll of fear {unknown}
 r - 2 scrolls of random uselessness {unknown}
Potions
 c - 2 potions of curing
 e - a potion of mutation
 g - a potion of heal wounds {unknown}
 i - a potion of magic
 k - 2 potions of agility
 m - a potion of brilliance
 o - a potion of ambrosia {unknown}
 p - a potion of invisibility {unknown}
Comestibles
 d - 9 rations
 l - 13 chunks of flesh


   Skills:
 - Level 1.5 Dodging
 - Level 1.0 Stealth
 * Level 3.3 Unarmed Combat
 - Level 2.0 Spellcasting
 * Level 2.6 Conjurations
   Level 0.6 Summonings
   Level 0.6 Translocations


You had 4 spell levels left.
You knew the following spells:

 Your Spells              Type           Power        Failure   Level  Hunger
a - Magic Dart            Conj           #...         8%          1    #......
b - Mephitic Cloud        Conj/Pois/Air  #.......     43%         3    ###....


Dungeon Overview and Level Annotations

Branches:
Dungeon (3/15)

Altars:
Elyvilon
Yredelemnul
Zin

Shops:
D:3 *


Innate Abilities, Weirdness & Mutations

You are too large for most types of armour.
You have claws for hands.
Your metabolism is lightning-fast.
You like to eat raw meat.
Your natural rate of healing is unusually fast.
You are covered in fur. (AC +1)
You have very tough skin. (AC +2)


Message History

The jelly is almost dead.
The jelly hits you but does no damage.
You scratch the jelly but do no damage. The acid corrodes you!
Your claws burn!
The jelly is almost dead.
The jelly barely misses you.
You scratch the jelly but do no damage.
Your claws burn!
The jelly is almost dead.
The jelly hits you. The acid corrodes you!
You are splashed with acid!
The acid burns!
You scratch the jelly but do no damage.
Your claws burn!
The jelly is almost dead.
The jelly hits you.
You are splashed with acid!
The acid burns!
* * * LOW HITPOINT WARNING * * *
You scratch the jelly but do no damage.
Your claws burn!
* * * LOW HITPOINT WARNING * * *
The jelly is almost dead.
The jelly hits you.
* * * LOW HITPOINT WARNING * * *
The acid corrodes you!
You are splashed with acid!
The acid burns!
You die...

## .. ###.####
.. ...#
...#.##.#######
#......oJ@....#
#.#.##.#####.#
#.# #.# ..# #.#
#### #.#
######### #.##
#.......# #..#
#.......# ##.#
#.......# #.#


You could see a jelly and an orc.

Vanquished Creatures
  A worker ant (D:3)
  5 adders
  An ooze (D:3)
  A worm (D:2)
  3 dart slugs
  A leopard gecko (D:1)
  A ball python (D:1)
  2 giant cockroaches (D:1)
  9 goblins
  8 hobgoblins
  6 jackals
  10 kobolds
  3 quokkas
  13 bats
  2 frilled lizards
  A rat (D:2)
  A spectral orc (D:3)
68 creatures vanquished.

Notes
Turn   | Place    | Note
-------+----------+-------------------------------------------
     0 | D:1      | KristoblXynda the Troll Wizard began the quest for the Orb.
     0 | D:1      | Reached XP level 1. HP: 16/16 MP: 2/2
   144 | D:1      | Reached skill level 1 in Conjurations
   240 | D:1      | Reached skill level 1 in Unarmed Combat
   285 | D:1      | Reached XP level 2. HP: 21/24 MP: 4/4
   908 | D:1      | Reached XP level 3. HP: 31/31 MP: 5/5
   987 | D:2      | Reached skill level 2 in Unarmed Combat
  1464 | D:2      | Reached XP level 4. HP: 38/39 MP: 6/6
  1720 | D:3      | Found a basalt altar of Yredelemnul.
  1745 | D:3      | Found Zin's Purification Station.
  1748 | D:3      | Found a glowing silver altar of Zin.
  1883 | D:3      | Found a white marble altar of Elyvilon.
  1995 | D:3      | Learned a level 3 spell: Mephitic Cloud
  2071 | D:3      | Reached skill level 3 in Unarmed Combat
  2078 | D:3      | Reached XP level 5. HP: 36/45 MP: 7/7
  2159 | D:3      | HP: 2/45 [acid (4)]
  2159 | D:3      | Splashed by a jelly's acid

Vault maps used:
D:1:      eino_arrival_tree_alley, roderic_st_hans_cross
D:3:      zin_purify, old_standard_altar, yredelemnul_forgotten_temple_becter

Skill      XL: |  1  2  3  4 |
---------------+-------------+-----
Conjurations   | 1 2 |  2.6
Unarmed Combat | 1 2 3 |  3.3
Dodging        | |  1.5
Stealth        | |  1.0
Spellcasting   | |  2.0
Summonings     | |  0.6
Translocations | |  0.6

Action                   |  1- 3 |  4- 6 || total
-------------------------+-------+-------++-------
Melee: Unarmed           |   143 |   110 ||   253
       Punch             |     2 |     1 ||     3
  Use: Scroll            |     2 |     4 ||     6
 Stab: Sleeping          |     2 |     1 ||     3
       Distracted        |     1 |       ||     1
  Eat: Chunk             |    19 |     6 ||    25
Armor: Robe              |    70 |    56 ||   126
Dodge: Dodged            |    73 |    86 ||   159

Table legend:
 A = Spawn XP
 B = Non-spawn XP
 C = Spawn XP percentage of total XP
 D = Spawn monster count
 E = Non-spawn monster count
 F = Spawn count percentage of total count
 G = Total turns spent on level
                    A         B        C        D         E        F      G
               +---------+---------+-------+---------+---------+-------+---------
         Total |       0 |     220 |   0.0 |       0 |      68 |   0.0 |  2159
               +---------+---------+-------+---------+---------+-------+---------
           D:1 |       0 |      41 |   0.0 |       0 |      23 |   0.0 |   954
           D:2 |       0 |      79 |   0.0 |       0 |      22 |   0.0 |   758
           D:3 |       0 |     100 |   0.0 |       0 |      23 |   0.0 |   447
               +---------+---------+-------+---------+---------+-------+---------
